 Dungeon Crawl Stone Soup version 0.30-a0-802-gb92711bcdf (webtiles) character file.

Game seed: 13054662467629883287

24315 retardedninja the Blocker (level 13, -8/104 HPs)
             Began as a Gnoll Fighter on Feb 23, 2023.
             Was an Initiate of Gozag.
             Mangled by a skyshark (22 damage)
             ... on level 4 of the Lair of Beasts.
             The game lasted 00:33:43 (23699 turns).

retardedninja the Blocker (Gnoll Fighter)          Turns: 23699, Time: 00:33:43

Health: -8/104     AC: 22    Str: 19    XL:     13   Next: 12%
Magic:  25/25      EV:  9    Int:  8    God:    Gozag
Gold:   2047       SH: 11    Dex: 13    Spells: 28/28 levels left

rFire   . . .      SeeInvis .    F - +4 flail (heavy)
rCold   + . .      Faith    .    c - +0 buckler
rNeg    . . .      Spirit   .    z - +2 plate armour
rPois   .          Reflect  +    n - +1 helmet
rElec   +          Harm     .    (no cloak)
rCorr   +          Rampage  .    B - +2 pair of gloves of Lust {rElec rCorr}
Will    +....                    (no boots) Stlth
                                 s - amulet of reflection
HPRegen 0.37/turn                C - ring of willpower
MPRegen 0.19/turn                D - ring of protection from cold

@: no status effects
A: fangs 1, strong nose, distributed training
a: Renounce Religion, Potion Petition, Call Merchant, Bribe Branch


You were on level 4 of the Lair of Beasts.
You worshipped Gozag.
Gozag was most pleased with you.
You visited 3 branches of the dungeon, and saw 15 of its levels.

You collected 2677 gold pieces.
You paid 630 gold pieces to Gozag.

Inventory:

Hand Weapons
 F - a +4 heavy flail (weapon)
Missiles
 p - 2 throwing nets (quivered)
Armour
 c - a +0 buckler (worn)
 n - a +1 helmet (worn)
 z - a +2 plate armour (worn)
 B - the +2 pair of gloves of Lust (worn) {rElec rCorr}
   (You found it on level 7 of the Dungeon)

   rElec:     It insulates you from electricity.
   rCorr:     It protects you from acid and corrosion.
Jewellery
 a - a ring of ice
 s - an amulet of reflection (around neck)
 C - a ring of willpower (left hand)
 D - a ring of protection from cold (right hand)
Wands
 b - a wand of charming (5)
 k - a wand of flame (19)
Scrolls
 d - a scroll of vulnerability {unknown}
 e - a scroll of fear
 f - 3 scrolls of poison {unknown}
 h - 2 scrolls of fog
 o - a scroll of amnesia {unknown}
 r - a scroll of torment {unknown}
 w - a scroll of brand weapon {unknown}
 x - a scroll of immolation {unknown}
 y - 2 scrolls of magic mapping
Potions
 g - a potion of attraction
 i - 5 potions of resistance
 j - 4 potions of flight
 l - 2 potions of lignification
 m - 3 potions of magic
 q - a potion of brilliance
 u - a potion of mutation
 A - a potion of degeneration {unknown}
 E - 4 potions of curing
Miscellaneous
 v - a phantom mirror


   Skills:
 + Level 10.6 Fighting
 + Level 8.3 Short Blades
 + Level 8.3 Long Blades
 + Level 8.3 Axes
 + Level 9.5 Maces & Flails
 + Level 8.3 Polearms
 + Level 8.3 Staves
 + Level 8.3 Ranged Weapons
 + Level 8.3 Throwing
 + Level 10.6 Armour
 + Level 8.3 Dodging
 + Level 8.3 Stealth
 + Level 10.6 Shields
 + Level 8.3 Unarmed Combat
 + Level 8.3 Spellcasting
 + Level 6.9 Conjurations
 + Level 6.9 Hexes
 + Level 6.9 Summonings
 + Level 6.9 Necromancy
 + Level 6.9 Translocations
 + Level 6.9 Transmutations
 + Level 6.9 Fire Magic
 + Level 6.9 Ice Magic
 + Level 6.9 Air Magic
 + Level 6.9 Earth Magic
 + Level 6.9 Poison Magic
 + Level 9.1 Invocations
 + Level 8.3 Evocations


You had 28 spell levels left.
You didn't know any spells.
Your spell library contained the following spells:

 Spells                   Type           Power      Damage    Failure   Level
 Apportation              Tloc           28%        N/A       24%         1
 Beastly Appendage        Tmut           28%        N/A       24%         1
 Necrotise                Necr           56%        1d6       24%         1
 Summon Small Mammal      Summ           56%        N/A       24%         1
 Lesser Beckoning         Tloc           28%        N/A       36%         2
 Wereblood                Tmut           14%        N/A       36%         2
 Gell's Gravitas          Tloc           14%        N/A       58%         3
 Ignite Poison            Fire/Tmut/Pois 14%        N/A       58%         3
 Kindle Blastsparks       Fire/Tloc/Air  28%        2d12      58%         3
 Spider Form              Tmut/Pois      14%        N/A       58%         3
 Stone Arrow              Conj/Erth      28%        3d8       58%         3
 Teleport Other           Tloc           14%        N/A       58%         3
 Vampiric Draining        Necr           14%        2d7       58%         3
 Animate Armour           Summ/Erth      28%        N/A       94%         4
 Cause Fear               Hex            7%         N/A       94%         4
 Fulminant Prism          Conj/Hex       7%         3d7       94%         4
 Iskenderun's Mystic Bla  Conj/Tloc      14%        2d5       94%         4
 Agony                    Necr           14%        N/A       100%        5
 Freezing Cloud           Conj/Ice/Air   7%         6-21      100%        5
 Lee's Rapid Deconstruct  Erth           7%         3d6*      100%        5
 Dragon Form              Tmut           7%         N/A       100%        7
 Lehudib's Crystal Spear  Conj/Erth      7%         10d3      100%        8
 Dragon's Call            Summ           7%         N/A       100%        9


Dungeon Overview and Level Annotations

Branches:
Dungeon (10/15)            Temple (1/1) D:6            Lair (4/5) D:10
 Shoals (0/4) Lair:3        Snake (0/4) Lair:2
  Slime: Lair:4-5       Orc: D:9-12

Altars:
Ashenzari
Cheibriados
Dithmenos
Elyvilon
Fedhas
Gozag
Hepliaklqana
Kikubaaqudgha
Makhleb
Nemelex Xobeh
Okawaru
Qazlal
Ru
Sif Muna
Trog
Uskayaw
Vehumet
Wu Jian
Xom
Yredelemnul
Zin
The Shining One

Shops:
D:9 [

Annotations:
D:3 1 runed translucent door, Crazy Yiuf
D:5 2 transporters, pigah's ghost, novice OpWn


Innate Abilities, Weirdness & Mutations

You have very sharp teeth.
Your uncanny sense of smell can sniff out nearby items.
Your experience applies equally to all skills.


Message History

You now have 2047 gold pieces (gained 7).
You start resting.
You start resting.
HP restored.
You start waiting.
You start waiting.
A skyshark comes into view.
The skyshark bites you but does no damage.
You block the skyshark's attack. The skyshark tail-slaps you.
The skyshark bites you!
The skyshark tastes blood and grows stronger!
The skyshark tail-slaps you. You block the skyshark's attack.
The skyshark bites you!
The skyshark enters a blood-rage!
The skyshark tail-slaps you but does no damage.
The skyshark closely misses you.
You barely miss the skyshark. You block the skyshark's attack. x2
The skyshark tail-slaps you! The skyshark barely misses you.
You block the skyshark's attack.
The skyshark tail-slaps you but does no damage.
You sock the skyshark!
The skyshark is lightly wounded.
The skyshark bites you but does no damage.
You block the skyshark's attack. The skyshark tail-slaps you!
You block the skyshark's attack. The skyshark tail-slaps you.
The skyshark tail-slaps you but does no damage.
You thump the skyshark!
The skyshark is lightly wounded.
The skyshark bites you!! The skyshark tail-slaps you!
* * * LOW HITPOINT WARNING * * *
The skyshark tail-slaps you!
* * * LOW HITPOINT WARNING * * *
The skyshark bites you but does no damage.
You block the skyshark's attack. The skyshark barely misses you.
You hit the skyshark.
The skyshark is lightly wounded.
The skyshark bites you but does no damage.
The skyshark barely misses you. You block the skyshark's attack.
The skyshark bites you!!
You die...
Your body crumbles into a pile of gold.

..○##....####
......#...P#.###
...###.#.......##
. ##........P##
#[.........#
#..........####
#..........#..#
##..l........##
###P..@.......##
#..............#
..#.............#
#...##........#
....#
##.........#
...##
#.#.........# ...
#..##......... ..
..........$....
........?.......


You could see a skyshark (berserk).

Vanquished Creatures
  Fannar (Lair:1)
  3 two-headed ogres
  A boulder beetle (Lair:4)
  2 death yaks
  A skyshark (Lair:2)
  Pikel (D:9)
  2 black mambas
  7 elephants
  Joseph (D:7)
  4 cane toads
  A torpor snail (Lair:2)
  2 rime drakes
  4 komodo dragons
  Maggie (D:7)
  A wind drake (Lair:3)
  A polar bear (Lair:2)
  9 blink frogs
  Sigmund (D:6)
  A vampire (D:10)
  A shadow (D:10)
  16 yaks
  A wraith (D:9)
  A wyvern (Lair:2)
  A steam dragon (D:9)
  A basilisk (Lair:3)
  Menkaure (D:7)
  Edmund (D:5)
  4 nagas (Lair:2)
  2 acid dragons
  6 water moccasins
  2 black bears
  An ogre (D:5)
  4 wolves (Lair:2)
  2 phantoms
  A kobold brigand (D:7)
  11 bullfrogs
  4 necrophages
  3 scorpions
  19 wights
  23 killer bees
  6 howler monkeys
  A crimson imp (D:7)
  2 hounds (D:5)
  6 orc priests
  A jelly (D:6)
  Jessica (D:2)
  A gnoll bouda (D:7)
  Terence (D:3)
  6 iguanas
  12 orc wizards
  Robin (D:2)
  9 gnolls
  6 adders
  A shadow imp (D:7)
  A white imp (D:7)
  An ufetubus (D:4)
  2 worms (D:4)
  A dart slug (D:1)
  31 orcs
  2 bats
  6 endoplasms
  2 giant cockroaches
  12 hobgoblins
  2 quokkas
  5 ball pythons
  3 frilled lizards
  14 goblins
  9 kobolds
  4 rats
298 creatures vanquished.

Vanquished Creatures (collateral kills)
  A manticore (Lair:3)
  A centaur (D:10)
  4 killer bees
6 creatures vanquished.

Vanquished Creatures (others)
  2 killer bees (D:9)
  A howler monkey (D:9)
  22 fungi
  33 plants
58 creatures vanquished.

Grand Total: 362 creatures vanquished

Notes
Turn   | Place    | Note
-------+----------+-------------------------------------------
     0 | D:1      | retardedninja the Gnoll Fighter began the quest for the
                  | Orb.
     0 | D:1      | Reached XP level 1. HP: 23/23 MP: 1/1
   130 | D:1      | Reached XP level 2. HP: 25/29 MP: 2/2
   306 | D:1      | Reached XP level 3. HP: 34/35 MP: 3/3
   468 | D:1      | Found a faded altar of an unknown god.
   618 | D:2      | Noticed Jessica
   636 | D:2      | Killed Jessica
   637 | D:2      | Reached skill level 1 in Short Blades
   637 | D:2      | Reached skill level 1 in Long Blades
   637 | D:2      | Reached skill level 1 in Axes
   637 | D:2      | Reached skill level 1 in Polearms
   637 | D:2      | Reached skill level 1 in Staves
   637 | D:2      | Reached skill level 1 in Ranged Weapons
   637 | D:2      | Reached skill level 1 in Throwing
   637 | D:2      | Reached skill level 1 in Dodging
   637 | D:2      | Reached skill level 1 in Stealth
   637 | D:2      | Reached skill level 1 in Unarmed Combat
   637 | D:2      | Reached skill level 1 in Spellcasting
   637 | D:2      | Reached skill level 1 in Invocations
   637 | D:2      | Reached skill level 1 in Evocations
   985 | D:2      | Reached XP level 4. HP: 41/41 MP: 5/5
   991 | D:2      | Noticed Robin
  1037 | D:2      | Reached skill level 1 in Conjurations
  1037 | D:2      | Reached skill level 1 in Hexes
  1037 | D:2      | Reached skill level 1 in Summonings
  1037 | D:2      | Reached skill level 1 in Necromancy
  1037 | D:2      | Reached skill level 1 in Translocations
  1037 | D:2      | Reached skill level 1 in Transmutations
  1037 | D:2      | Reached skill level 1 in Fire Magic
  1037 | D:2      | Reached skill level 1 in Ice Magic
  1037 | D:2      | Reached skill level 1 in Air Magic
  1037 | D:2      | Reached skill level 1 in Earth Magic
  1037 | D:2      | Reached skill level 1 in Poison Magic
  1040 | D:2      | Killed Robin
  1948 | D:2      | Reached XP level 5. HP: 25/47 MP: 5/7
  2116 | D:3      | Noticed Terence
  2127 | D:3      | Killed Terence
  2244 | D:3      | Found a stormy altar of Qazlal.
  2247 | D:3      | Found a glowing silver altar of Zin.
  2251 | D:3      | Found a shimmering blue altar of Sif Muna.
  2429 | D:3      | Found a runed translucent door.
  2430 | D:3      | Noticed Crazy Yiuf
  2459 | D:3      | Found a sparkling altar of Nemelex Xobeh.
  2689 | D:4      | Found Kafoeclos's Antique Weapon Shop.
  2703 | D:4      | Reached XP level 6. HP: 53/53 MP: 8/8
  2755 | D:4      | Reached skill level 5 in Maces & Flails
  2908 | D:4      | Found a shimmering altar of Xom.
  2921 | D:4      | Found a broken altar of Ashenzari.
  3430 | D:4      | Reached XP level 7. HP: 57/60 MP: 10/10
  3600 | D:5      | Entered Level 5 of the Dungeon
  3753 | D:5      | Noticed Edmund
  3773 | D:5      | Killed Edmund
  4028 | D:5      | Reached XP level 8. HP: 49/67 MP: 12/12
  4346 | D:5      | Found a transporter.
  4374 | D:5      | Found a transporter.
  4817 | D:5      | Noticed pigah's ghost (novice OpWn)
  4984 | D:6      | Noticed Sigmund
  5026 | D:6      | Found a staircase to the Ecumenical Temple.
  5038 | Temple   | Entered the Ecumenical Temple
  5206 | D:6      | Killed Sigmund
  5696 | D:6      | Found an opulent altar of Gozag.
  6010 | D:6      | Reached XP level 9. HP: 60/73 MP: 14/14
  6804 | D:6      | Became a worshipper of Gozag Ym Sagoz the Greedy
  6870 | D:7      | Found a shadowy altar of Dithmenos.
  7017 | D:7      | Noticed Maggie
  7020 | D:7      | Killed Maggie
  7076 | D:6      | Reached skill level 5 in Invocations
  7770 | D:7      | Found a burning altar of Makhleb.
  7803 | D:7      | Noticed Joseph
  7835 | D:7      | Killed Joseph
  7836 | D:7      | Reached skill level 5 in Short Blades
  7836 | D:7      | Reached skill level 5 in Long Blades
  7836 | D:7      | Reached skill level 5 in Axes
  7836 | D:7      | Reached skill level 5 in Polearms
  7836 | D:7      | Reached skill level 5 in Staves
  7836 | D:7      | Reached skill level 5 in Ranged Weapons
  7836 | D:7      | Reached skill level 5 in Throwing
  7836 | D:7      | Reached skill level 5 in Dodging
  7836 | D:7      | Reached skill level 5 in Stealth
  7836 | D:7      | Reached skill level 5 in Unarmed Combat
  7836 | D:7      | Reached skill level 5 in Spellcasting
  7836 | D:7      | Reached skill level 5 in Evocations
  7836 | D:7      | Reached XP level 10. HP: 40/82 MP: 17/17
  8031 | D:7      | Identified the +2 pair of gloves of Lust {rElec rCorr}
  8041 | D:7      | Noticed Menkaure
  8048 | D:7      | Killed Menkaure
  8996 | D:8      | Found a glowing golden altar of the Shining One.
  9000 | D:8      | Found an ancient bone altar of Kikubaaqudgha.
  9086 | D:8      | Found a white marble altar of Elyvilon.
 10661 | D:8      | Found a radiant altar of Vehumet.
 11006 | D:9      | Noticed a two-headed ogre
 11012 | D:9      | Killed a two-headed ogre
 11019 | D:9      | Noticed a two-headed ogre
 11023 | D:9      | Killed a two-headed ogre
 11550 | D:9      | Noticed Pikel
 11571 | D:9      | Killed Pikel
 11652 | D:9      | Reached skill level 5 in Conjurations
 11652 | D:9      | Reached skill level 5 in Hexes
 11652 | D:9      | Reached skill level 5 in Summonings
 11652 | D:9      | Reached skill level 5 in Necromancy
 11652 | D:9      | Reached skill level 5 in Translocations
 11652 | D:9      | Reached skill level 5 in Transmutations
 11652 | D:9      | Reached skill level 5 in Fire Magic
 11652 | D:9      | Reached skill level 5 in Ice Magic
 11652 | D:9      | Reached skill level 5 in Air Magic
 11652 | D:9      | Reached skill level 5 in Earth Magic
 11652 | D:9      | Reached skill level 5 in Poison Magic
 11652 | D:9      | Reached XP level 11. HP: 77/89 MP: 20/20
 12825 | D:9      | Found Imiar's Superior Scales.
 12871 | D:10     | Entered Level 10 of the Dungeon
 13195 | D:10     | Noticed a two-headed ogre
 13200 | D:10     | Killed a two-headed ogre
 13218 | D:10     | Found a staircase to the Lair.
 15235 | Lair:1   | Entered Level 1 of the Lair of Beasts
 16388 | Lair:1   | Noticed Fannar
 16408 | Lair:1   | Killed Fannar
 16677 | Lair:2   | Found a staircase to the Snake Pit.
 16683 | Lair:2   | Noticed a skyshark
 16778 | Lair:2   | Killed a skyshark
 16787 | Lair:2   | Reached XP level 12. HP: 55/97 MP: 22/22
 16934 | Lair:2   | Identified the +2 quarterstaff "Grom" {holy, rPois}
 18486 | Lair:2   | Reached skill level 10 in Fighting
 18486 | Lair:2   | Reached skill level 10 in Armour
 18486 | Lair:2   | Reached skill level 10 in Shields
 19275 | Lair:3   | Found a staircase to the Shoals.
 20347 | Lair:3   | Noticed a death yak
 20347 | Lair:3   | Noticed a death yak
 20590 | Lair:2   | Killed a death yak
 20941 | Lair:3   | Killed a death yak
 22122 | Lair:3   | Reached XP level 13. HP: 31/104 MP: 25/25
 23699 | Lair:4   | Mangled by a skyshark

Illustrated notes

Levels and vault maps discovered:
D:1:      dpeg_arrival_solitude, layout_rooms,
          shapermc_ecumenical_altar_mp_ritualfount
D:2:      layout_basic, kennysheep_cross_room, grunt_decor_one_mirror,
          chequers_serial_rivers_small_b, wander_ebering_terrifying_dragon_lair,
          uniq_jessica, uniq_robin
D:3:      layout_basic, lemuel_round_altar, minitemple, uniq_terence,
          uniq_crazy_yiuf_cottage
D:4:      layout_basic, lemuel_round_altar, ashenzari_altar_1, serial_shops,
          nicolae_stop_n_shop_1, kennysheep_generic_room_2
D:5:      layout_loops_ring, gammafunk_ghost_stat_death, uniq_edmund
D:6:      layout_cave_pools, mainiacjoe_overflow_brackets,
          minmay_temple_entry_ruins, serial_co_window_serial,
          co_window_of_opportunity_a, co_window_paths_b, co_window_paths_b,
          co_window_corner_a, co_window_paths_a, co_window_paths_a,
          co_window_corner_b, co_window_corner_b, co_window_broadway_c,
          co_window_2corner, co_window_broadway_a, glass_columns_c,
          glass_columns_b, glass_columns_c, uniq_sigmund
D:7:      layout_basic, mainiacjoe_overflow_alcove_1, makhleb_grotto_becter,
          uniq_menkaure, uniq_joseph, uniq_maggie
D:8:      layout_loops_ring, nicolae_overflow_crystal_walls,
          mainiacjoe_overflow_concentric_impassable, amcnicky_altar_gilded,
          mainiacjoe_overflow_alcove_2, serial_bayou_ford_a
D:9:      layout_cave_pools, hellmonk_scale_shop, uniq_pikel
D:10:     layout_basic, dpeg_oklobed_lair, serial_rivers,
          chequers_serial_rivers_room_a, chequers_serial_rivers_micro_c,
          chequers_serial_rivers_micro_d, chequers_serial_rivers_micro_a,
          chequers_serial_rivers_micro_e, chequers_serial_rivers_room_b,
          kennysheep_generic_room_13
Temple:   kb_temple_of_zot
Lair:1:   layout_hall_layers, portal_ice_cave_entry_pillars_1,
          lemuel_fruit_fields, uniq_fannar
Lair:2:   layout_gridlike, minmay_snake_entry_guardpost_small,
          beast_lair_carwin_5, grunt_megastairs_4
Lair:3:   layout_regular_city, minmay_shoals_entry_beasts,
          minmay_stone_trees_small, grunt_megastairs_5
Lair:4:   layout_cave_pods, minivault_26, uniq_urug

Skill      XL: |  1  2  3  4  5  6  7  8  9 10 11 12 13 |
---------------+----------------------------------------+-----
Short Blades   | 1 2 3 5 6 7 8 |  8.3
Long Blades    | 1 2 3 5 6 7 8 |  8.3
Axes           | 1 2 3 5 6 7 8 |  8.3
Polearms       | 1 2 3 5 6 7 8 |  8.3
Staves         | 1 2 3 5 6 7 8 |  8.3
Ranged Weapons | 1 2 3 5 6 7 8 |  8.3
Throwing       | 1 2 3 5 6 7 8 |  8.3
Dodging        | 1 2 3 5 6 7 8 |  8.3
Stealth        | 1 2 3 5 6 7 8 |  8.3
Unarmed Combat | 1 2 3 5 6 7 8 |  8.3
Spellcasting   | 1 2 3 5 6 7 8 |  8.3
Invocations    | 1 2 3 4 5 6 7 8 9 |  9.1
Evocations     | 1 2 3 5 6 7 8 |  8.3
Conjurations   | 1 2 3 4 5 6 |  6.9
Hexes          | 1 2 3 4 5 6 |  6.9
Summonings     | 1 2 3 4 5 6 |  6.9
Necromancy     | 1 2 3 4 5 6 |  6.9
Translocations | 1 2 3 4 5 6 |  6.9
Transmutations | 1 2 3 4 5 6 |  6.9
Fire Magic     | 1 2 3 4 5 6 |  6.9
Ice Magic      | 1 2 3 4 5 6 |  6.9
Air Magic      | 1 2 3 4 5 6 |  6.9
Earth Magic    | 1 2 3 4 5 6 |  6.9
Poison Magic   | 1 2 3 4 5 6 |  6.9
Maces & Flails | 5 6 7 8 9 |  9.5
Fighting       | 7 8 9 10 | 10.6
Armour         | 7 8 9 10 | 10.6
Shields        | 7 8 9 10 | 10.6

Action                     |  1- 3 |  4- 6 |  7- 9 | 10-12 | 13-15 || total
---------------------------+-------+-------+-------+-------+-------++-------
  Melee: Flail             |    83 |   164 |   362 |   712 |    44 ||  1365
         Bite              |     8 |    18 |    47 |    94 |     2 ||   169
 Invoke: Potion Petition   |       |       |       |     1 |       ||     1
  Evoke: Wand              |       |       |     9 |    35 |     3 ||    47
    Use: Potion            |       |     1 |     7 |    12 |       ||    20
         Scroll            |       |    10 |     2 |    17 |     2 ||    31
   Stab: Distracted        |       |       |     1 |     3 |       ||     4
         Invisible         |       |       |       |     6 |       ||     6
 Armour: Scale mail        |    31 |    81 |       |       |       ||   112
         Plate armour      |       |       |   237 |   592 |    39 ||   868
  Dodge: Dodged            |    41 |    84 |    91 |   328 |    19 ||   563
  Block: Buckler           |    26 |    60 |   197 |   641 |    52 ||   976
         Reflection        |       |       |     4 |     5 |       ||     9

Table legend: (Time is in decaauts)
 A = Elapsed time spent in this place.
 B = Non-inter-level travel time spent in this place.
 C = Inter-level travel time spent in this place.
 D = Time resting spent in this place.
 E = Time spent auto-exploring this place.
 F = Levels seen in this place.
 G = Mean time per level.
                   A        B        C        D        E       F      G
               +--------+--------+--------+--------+--------+-----+--------+
         Total |  24020 |  23179 |    841 |  10995 |   8618 |  15 | 1601.3 |
       Dungeon |  15415 |  14674 |    741 |   5934 |   6367 |  10 | 1541.5 |
        Temple |    135 |    120 |     15 |      0 |    106 |   1 |  135.0 |
          Lair |   8469 |   8384 |     85 |   5061 |   2145 |   4 | 2117.2 |
               +--------+--------+--------+--------+--------+-----+--------+

Top non-repeatable levels by time:
  Lair:2: 3746 daAuts
     D:8: 2548 daAuts
  Lair:3: 2213 daAuts
    D:10: 2150 daAuts
     D:6: 1928 daAuts
     D:7: 1822 daAuts
     D:9: 1711 daAuts
     D:5: 1469 daAuts
     D:2: 1409 daAuts
  Lair:1: 1303 daAuts
  Lair:4: 1206 daAuts
     D:4: 1020 daAuts
     D:3: 777 daAuts
     D:1: 577 daAuts
  Temple: 135 daAuts
